TOP OF THE 1ST |
Asheville Highlanders batting - Pitching for Chesapeake Cangrejos Fantasmas : LHP Walt Middleton
|
Pitching: LHP Walt Middleton
|
|
Batting: LHB Jung-jun Sang
|
0-0: Ball 1-0: Swinging Strike 1-1: Fly out, F7 (Line Drive, 7S, EV 92.5 MPH)
|
Batting: RHB Gabriel Montaño
|
0-0: Ball 1-0: Called Strike 1-1: Foul Ball, location: 2F 1-2: Ball 2-2: Ball 3-2: Foul Ball, location: 2F 3-2: Strikes out swinging
|
Batting: RHB Nathan Pretty
|
0-0: Called Strike 0-1: Ball 1-1: Ball 2-1: Ball 3-1: Called Strike 3-2: Foul Ball, location: 2F 3-2: Base on Balls
|
Batting: RHB Orel Vodarsky
|
0-0: Hit by Pitch Nathan Pretty to second
|
Batting: RHB José Arizandieta
|
0-0: Ball 1-0: Ball 2-0: Ball 3-0: Base on Balls Nathan Pretty to third Orel Vodarsky to second
|
Batting: RHB Han-wu Woo
|
0-0: Called Strike 0-1: Swinging Strike 0-2: Strikes out looking
|
Top of the 1st over - 0 runs, 0 hits, 0 errors, 3 left on base; Asheville 0 - Chesapeake 0 |
BOTTOM OF THE 1ST |
Chesapeake Cangrejos Fantasmas batting - Pitching for Asheville Highlanders : RHP Kelvin van Enk
|
Pitching: RHP Kelvin van Enk
|
|
Batting: RHB Lester Johnson
|
0-0: Ball 1-0: Ball 2-0: Swinging Strike 2-1: Ball 3-1: Base on Balls
|
Batting: RHB Rafael Suarez
|
0-0: Foul Ball, location: 2F 0-1: Fly out, F7 (Flyball, 7S, EV 90.6 MPH)
|
Batting: RHB Ed Bowen
|
0-0: Called Strike Lester Johnson is caught stealing 2nd base 2-4 0-1: Ball 1-1: Foul Ball, location: 2F 1-2: Fly out, F9 (Flyball, 89S, EV 87.5 MPH)
|
Bottom of the 1st over - 0 runs, 0 hits, 0 errors, 0 left on base; Asheville 0 - Chesapeake 0 |
TOP OF THE 2ND |
Asheville Highlanders batting - Pitching for Chesapeake Cangrejos Fantasmas : LHP Walt Middleton
|
Batting: RHB Curt Marks
|
0-0: Swinging Strike 0-1: Ground out 5-3 (Groundball, 56S, EV 85.6 MPH)
|
Batting: LHB Andrew Stockton
|
0-0: Ball 1-0: Ball 2-0: Fly out, F8 (Flyball, 8RM, EV 95.6 MPH)
|
Batting: LHB Ken Combs
|
0-0: Called Strike 0-1: Foul Ball, location: 2F 0-2: Ball 1-2: Ball 2-2: Ball 3-2: Strikes out swinging
|
Top of the 2nd over - 0 runs, 0 hits, 0 errors, 0 left on base; Asheville 0 - Chesapeake 0 |
BOTTOM OF THE 2ND |
Chesapeake Cangrejos Fantasmas batting - Pitching for Asheville Highlanders : RHP Kelvin van Enk
|
Batting: RHB Francis Kersey
|
0-0: Foul Ball, location: 2F 0-1: Ball 1-1: Ground out 4-3 (Groundball, 4, EV 80.6 MPH)
|
Batting: RHB Jud Nichols
|
0-0: Ball 1-0: Ball 2-0: Ball 3-0: Called Strike 3-1: Base on Balls
|
Batting: RHB Chae-ho Nan
|
0-0: Fly out, F9 (Line Drive, 9LM, EV 98.1 MPH)
|
Batting: RHB John Stanley
|
0-0: Ball 1-0: Ball 2-0: SINGLE (Flyball, 78S, EV 87.5 MPH) Jud Nichols to second
|
Batting: RHB Harry Brindle
|
0-0: Swinging Strike 0-1: Ball 1-1: Ball 2-1: Ball 3-1: Ground out 2-3 (Groundball, 15S, EV 65.6 MPH)
|
Bottom of the 2nd over - 0 runs, 1 hit, 0 errors, 2 left on base; Asheville 0 - Chesapeake 0 |
TOP OF THE 3RD |
Asheville Highlanders batting - Pitching for Chesapeake Cangrejos Fantasmas : LHP Walt Middleton
|
Batting: LHB Jung-jun Sang
|
0-0: SINGLE (Line Drive, 4D, EV 94.4 MPH)
|
Batting: RHB Gabriel Montaño
|
0-0: Ball 1-0: Foul Ball, location: 2F 1-1: Fly out, F7 (Flyball, 7, EV 78.1 MPH)
|
Batting: RHB Nathan Pretty
|
0-0: Foul Ball, location: 2F 0-1: Ball 1-1: Grounds into double play, 5-4-3 (Groundball, 56S, EV 91.9 MPH)
|
Top of the 3rd over - 0 runs, 1 hit, 0 errors, 0 left on base; Asheville 0 - Chesapeake 0 |
BOTTOM OF THE 3RD |
Chesapeake Cangrejos Fantasmas batting - Pitching for Asheville Highlanders : RHP Kelvin van Enk
|
Batting: RHB Dave Lawrence
|
0-0: Ball 1-0: Ball 2-0: Called Strike 2-1: Ball 3-1: Base on Balls
|
Batting: RHB Lester Johnson
|
0-0: Hit by Pitch Dave Lawrence to second
|
Batting: RHB Rafael Suarez
|
0-0: Called Strike 0-1: Ball 1-1: Ball 2-1: Ball 3-1: Ground out 5-3 (Groundball, 56S, EV 68.8 MPH) Dave Lawrence to third Lester Johnson to second
|
Batting: RHB Ed Bowen
|
0-0: Called Strike 0-1: Called Strike 0-2: Ball 1-2: Fly out, F7 (Flyball, 78D, EV 85.6 MPH) Runner from 3rd tags up, OUT at HOME! 7-2
|
Bottom of the 3rd over - 0 runs, 0 hits, 0 errors, 1 left on base; Asheville 0 - Chesapeake 0 |
TOP OF THE 4TH |
Asheville Highlanders batting - Pitching for Chesapeake Cangrejos Fantasmas : LHP Walt Middleton
|
Batting: RHB Orel Vodarsky
|
0-0: Ball 1-0: Called Strike 1-1: Swinging Strike 1-2: Strikes out swinging
|
Batting: RHB José Arizandieta
|
0-0: Called Strike 0-1: Ground out 4-3 (Groundball, 4, EV 81.9 MPH)
|
Batting: RHB Han-wu Woo
|
0-0: Called Strike 0-1: Ball 1-1: Ball 2-1: Ball 3-1: Called Strike 3-2: Strikes out swinging
|
Top of the 4th over - 0 runs, 0 hits, 0 errors, 0 left on base; Asheville 0 - Chesapeake 0 |
BOTTOM OF THE 4TH |
Chesapeake Cangrejos Fantasmas batting - Pitching for Asheville Highlanders : RHP Kelvin van Enk
|
Batting: RHB Francis Kersey
|
0-0: Foul Ball, location: 2F 0-1: Swinging Strike 0-2: Foul Ball, location: 2F 0-2: Foul Ball, location: 2F 0-2: Ball 1-2: Ground out 4-3 (Groundball, 34D, EV 99.4 MPH)
|
Batting: RHB Jud Nichols
|
0-0: Ball 1-0: Foul Ball, location: 2F 1-1: Foul Ball, location: 2F 1-2: SINGLE (Groundball, 3D, EV 97.5 MPH)
|
Batting: RHB Chae-ho Nan
|
0-0: Ball 1-0: Called Strike 1-1: Ball 2-1: Ball 3-1: Called Strike Jud Nichols steals 2nd, throwing error, E2 Jud Nichols to third 3-2: Base on Balls
|
Batting: RHB John Stanley
|
0-0: Ball 1-0: Foul Ball, location: 2F 1-1: Ball 2-1: Hit by Pitch Chae-ho Nan to second
|
Pinch Runner at 1st Maik Lakerveld:
|
|
Batting: RHB Harry Brindle
|
0-0: Ball 1-0: Ball 2-0: Ball 3-0: Called Strike 3-1: Foul Ball, location: 2F 3-2: Grounds into double play, 4-6-3 (Groundball, 13, EV 80.6 MPH)
|
Bottom of the 4th over - 0 runs, 1 hit, 1 error, 2 left on base; Asheville 0 - Chesapeake 0 |
TOP OF THE 5TH |
Asheville Highlanders batting - Pitching for Chesapeake Cangrejos Fantasmas : LHP Walt Middleton
|
Now in CF: Maik Lakerveld
|
|
Batting: RHB Curt Marks
|
0-0: Ball 1-0: Ball 2-0: Called Strike 2-1: Ground out 5-3 (Groundball, 56S, EV 85.0 MPH)
|
Batting: LHB Andrew Stockton
|
0-0: Foul Ball, location: 2F 0-1: Called Strike 0-2: Foul Ball, location: 2F 0-2: Strikes out swinging, 2-3 out at first.
|
Batting: LHB Ken Combs
|
0-0: Called Strike 0-1: Foul Ball, location: 2F 0-2: Strikes out swinging
|
Top of the 5th over - 0 runs, 0 hits, 0 errors, 0 left on base; Asheville 0 - Chesapeake 0 |
BOTTOM OF THE 5TH |
Chesapeake Cangrejos Fantasmas batting - Pitching for Asheville Highlanders : RHP Kelvin van Enk
|
Batting: RHB Dave Lawrence
|
0-0: Foul Ball, location: 2F 0-1: Ball 1-1: Called Strike 1-2: Ball 2-2: Fly out, F8 (Flyball, 8LD, EV 106.9 MPH)
|
Batting: RHB Lester Johnson
|
0-0: Ball 1-0: Called Strike 1-1: Called Strike 1-2: DOUBLE (Line Drive, 9LD, EV 110.6 MPH)
|
Batting: RHB Rafael Suarez
|
0-0: Ground out U3 (Groundball, 3, EV 101.9 MPH) Lester Johnson to third
|
Batting: RHB Ed Bowen
|
0-0: Fly out, F9 (Flyball, 9, EV 75.0 MPH)
|
Bottom of the 5th over - 0 runs, 1 hit, 0 errors, 1 left on base; Asheville 0 - Chesapeake 0 |
TOP OF THE 6TH |
Asheville Highlanders batting - Pitching for Chesapeake Cangrejos Fantasmas : LHP Walt Middleton
|
Batting: LHB Jung-jun Sang
|
0-0: Ball 1-0: Foul Ball, location: 2F 1-1: Ball 2-1: Swinging Strike 2-2: Strikes out swinging
|
Batting: RHB Gabriel Montaño
|
0-0: Swinging Strike 0-1: SINGLE (Groundball, 25, EV 76.2 MPH) (infield hit)
|
Batting: RHB Nathan Pretty
|
0-0: Grounds into double play, 6-4-3 (Groundball, 6, EV 106.2 MPH)
|
Top of the 6th over - 0 runs, 1 hit, 0 errors, 0 left on base; Asheville 0 - Chesapeake 0 |
BOTTOM OF THE 6TH |
Chesapeake Cangrejos Fantasmas batting - Pitching for Asheville Highlanders : RHP Kelvin van Enk
|
Batting: RHB Francis Kersey
|
0-0: Ground out 5-3 (Groundball, 56, EV 80.0 MPH)
|
Batting: RHB Jud Nichols
|
0-0: SINGLE (Line Drive, 8RS, EV 92.5 MPH)
|
Batting: RHB Chae-ho Nan
|
0-0: Called Strike 0-1: Ball 1-1: Swinging Strike 1-2: Ball 2-2: Ball 3-2: Base on Balls Jud Nichols to second
|
Batting: LHB Maik Lakerveld
|
0-0: Ball 1-0: Swinging Strike 1-1: Ball 2-1: Ball 3-1: Foul Ball, location: 2F 3-2: Base on Balls Jud Nichols to third Chae-ho Nan to second
|
Pitching: LHP Min Der
|
|
Batting: RHB Harry Brindle
|
0-0: Ball 1-0: SINGLE (Line Drive, 89S, EV 95.6 MPH) Jud Nichols scores Chae-ho Nan to third Maik Lakerveld to second
|
Batting: RHB Dave Lawrence
|
0-0: Foul Ball, location: 2F 0-1: Swinging Strike 0-2: Ball 1-2: Ball 2-2: DOUBLE (Groundball, 5L, EV 95.0 MPH) Chae-ho Nan scores Maik Lakerveld scores Harry Brindle to third Runner from 3rd tries for Home, SAFE, throw by LF to home
|
Batting: RHB Lester Johnson
|
0-0: Ball 1-0: Ball 2-0: Fly out, F8 (Flyball, 8LD, EV 100.6 MPH)
|
Batting: RHB Rafael Suarez
|
0-0: Ball 1-0: Ball 2-0: Ball 3-0: Called Strike 3-1: Foul Ball, location: 2F 3-2: Foul Ball, location: 2F 3-2: Fly out, F9 (Line Drive, 89M, EV 90.6 MPH)
|
Bottom of the 6th over - 4 runs, 3 hits, 0 errors, 1 left on base; Asheville 0 - Chesapeake 4 |
TOP OF THE 7TH |
Asheville Highlanders batting - Pitching for Chesapeake Cangrejos Fantasmas : LHP Walt Middleton
|
Batting: RHB Orel Vodarsky
|
0-0: Called Strike 0-1: Ball 1-1: Foul Ball, location: 2F 1-2: Ball 2-2: Ground out 6-3 (Groundball, 6, EV 107.5 MPH)
|
Batting: RHB José Arizandieta
|
0-0: Ball 1-0: Called Strike 1-1: Foul Ball, location: 2F 1-2: Foul Ball, location: 2F 1-2: Ball 2-2: Fly out, F7 (Flyball, 7S, EV 91.2 MPH)
|
Batting: RHB Han-wu Woo
|
0-0: Ground out 5-3 (Groundball, 56, EV 100.6 MPH)
|
Top of the 7th over - 0 runs, 0 hits, 0 errors, 0 left on base; Asheville 0 - Chesapeake 4 |
BOTTOM OF THE 7TH |
Chesapeake Cangrejos Fantasmas batting - Pitching for Asheville Highlanders : LHP Min Der
|
Batting: RHB Ed Bowen
|
0-0: Foul Ball, location: 2F 0-1: Ground out 5-3 (Groundball, 56S, EV 81.2 MPH)
|
Batting: RHB Francis Kersey
|
0-0: Ball 1-0: Ball 2-0: Ground out 6-3 (Groundball, 6, EV 84.4 MPH)
|
Batting: RHB Jud Nichols
|
0-0: Foul Ball, location: 2F 0-1: Ball 1-1: Called Strike 1-2: Foul Ball, location: 2F 1-2: Ball 2-2: Fly out, F7 (Flyball, 7D, EV 100.0 MPH)
|
Bottom of the 7th over - 0 runs, 0 hits, 0 errors, 0 left on base; Asheville 0 - Chesapeake 4 |
TOP OF THE 8TH |
Asheville Highlanders batting - Pitching for Chesapeake Cangrejos Fantasmas : LHP Walt Middleton
|
Batting: RHB Curt Marks
|
0-0: Called Strike 0-1: Ball 1-1: Ball 2-1: Swinging Strike 2-2: Strikes out swinging
|
Pinch Hitting: SHB Dwayne Foll
|
0-0: Ball 1-0: SINGLE (Groundball, 6S, EV 74.4 MPH) (infield hit)
|
Batting: LHB Ken Combs
|
0-0: Ball 1-0: Ball 2-0: Ball 3-0: Called Strike 3-1: Grounds into double play, 4-6-3 (Groundball, 4S, EV 88.8 MPH)
|
Top of the 8th over - 0 runs, 1 hit, 0 errors, 0 left on base; Asheville 0 - Chesapeake 4 |
BOTTOM OF THE 8TH |
Chesapeake Cangrejos Fantasmas batting - Pitching for Asheville Highlanders : LHP Min Der
|
Now in RF: Dwayne Foll
|
|
Batting: RHB Chae-ho Nan
|
0-0: Ball 1-0: Called Strike 1-1: Ball 2-1: Foul Ball, location: 2F 2-2: Foul Ball, location: 2F 2-2: Foul Ball, location: 2F 2-2: Ball 3-2: Strikes out swinging, 2-3 out at first.
|
Batting: LHB Maik Lakerveld
|
0-0: DOUBLE (Flyball, 8RD, EV 86.9 MPH)
|
Pitching: RHP Martín Rivera
|
|
Batting: RHB Harry Brindle
|
0-0: Ball 1-0: Called Strike 1-1: Called Strike 1-2: Strikes out swinging
|
Batting: RHB Dave Lawrence
|
0-0: Ball 1-0: Ball 2-0: Ball 3-0: Called Strike 3-1: Base on Balls
|
Batting: RHB Lester Johnson
|
0-0: Ball 1-0: Ball 2-0: Foul Ball, location: 2F 2-1: Ball 3-1: Base on Balls Maik Lakerveld to third Dave Lawrence to second
|
Batting: RHB Rafael Suarez
|
0-0: Ball 1-0: Foul Ball, location: 2F 1-1: Called Strike 1-2: Strikes out swinging
|
Bottom of the 8th over - 0 runs, 1 hit, 0 errors, 3 left on base; Asheville 0 - Chesapeake 4 |
TOP OF THE 9TH |
Asheville Highlanders batting - Pitching for Chesapeake Cangrejos Fantasmas : LHP Walt Middleton
|
Pitching: RHP Ken Barrett
|
|
Batting: LHB Jung-jun Sang
|
0-0: Ball 1-0: Called Strike 1-1: SINGLE (Groundball, 6MS, EV 65.6 MPH) (infield hit)
|
Batting: RHB Gabriel Montaño
|
0-0: Ball 1-0: Foul Ball, location: 2F 1-1: Ball 2-1: Foul Ball, location: 2F 2-2: Strikes out swinging
|
Batting: RHB Nathan Pretty
|
0-0: Ball 1-0: Called Strike 1-1: Ball 2-1: Swinging Strike 2-2: Ball 3-2: Foul Ball, location: 2F 3-2: Foul Ball, location: 2F 3-2: SINGLE (Groundball, 56D, EV 98.8 MPH) Jung-jun Sang to second
|
Batting: RHB Orel Vodarsky
|
0-0: Swinging Strike 0-1: Ball 1-1: Ball 2-1: Foul Ball, location: 2F 2-2: Ball 3-2: Foul Ball, location: 2F 3-2: Strikes out swinging
|
Pinch Hitting: LHB Evan Segar
|
0-0: Fly out, F7 (Flyball, 7, EV 90.6 MPH)
|
Top of the 9th over - 0 runs, 2 hits, 0 errors, 2 left on base; Asheville 0 - Chesapeake 4 |
|